AoeStats
← Despair

Arabian Desert

509851944Analyzed
1v1 RM · 5d ago on Sep 28, 2026· 37m 1s· 2 players
Game mode
Random Map
Map size
Tiny (2 player)
Population
200
Speed
Normal
Resources
Standard
Victory
Conquest
Starting age
Dark Age
Ending age
Imperial Age
RankedLock teamsTeams togetherTeam positionsShared explorationLock speedFull tech treeHidden civsTurbo modeCheats
Victory
Defeat
🇨🇳 Sicilians · China
1612
+15
🇮🇹 Danes · Italy
1582
-15
TheWifeMenace
7:57 Loom
10:07 Feudal Age
14:52 Castle Age
18:18 Scale Mail Armor
22:26 Chain Mail Armor
29:09 Fletching
29:36 Squires
34:06 Forging
36:05 Iron Casting
Despair
6:50 Loom
9:30 Feudal Age
10:12 Double-Bit Axe
10:09 Horse Collar
20:55 Castle Age
21:42 Squires
24:51 Scale Mail Armor
26:49 Forging
29:48 Chain Mail Armor
29:50 Fletching
31:27 Gambesons
31:31 Arson
31:39 Arson
34:15 Stone Mining
34:20 Gold Mining
34:50 Bow Saw
37:00 Bodkin Arrow
Connection lost

Rejoining the realm…

Still unreachable

The connection could not be restored.

Session expired

The server has moved on; the page needs a fresh start.